 Dungeon Crawl Stone Soup version 0.29.1-1-gd02db6906a (webtiles) character file.

Game seed: 3976035549343960347

4 mtoz the Vexing (level 1, 7/15 HPs)
             Began as a Barachi Arcane Marksman on Sept 25, 2022.
             Quit the game on level 1 of the Dungeon.
             The game lasted 00:01:25 (42 turns).

mtoz the Vexing (Barachi Arcane Marksman)             Turns: 42, Time: 00:01:26

Health: 7/15       AC:  2    Str: 11    XL:     1   Next: 60%
Magic:  1/2        EV: 12    Int: 13    God:
Gold:   0          SH:  0    Dex: 12    Spells: 1/2 levels left

rFire   . . .      SeeInvis .   a - +1 sling
rCold   . . .      Faith    .   (no shield)
rNeg    . . .      Spirit   .   c - +0 robe
rPois   .          Reflect  .   (no helmet)
rElec   .          Harm     .   (no cloak)
rCorr   .          Rampage  .   (no gloves)
Will    .....                   (no boots)
Stlth   +.........              (no amulet)
HPRegen 0.05/turn               (no ring)
MPRegen 0.08/turn               (no ring)

@: unable to hop, slow
A: amphibious, slowness 1, strong legs 1, +LOS
a: Hop


You were on level 1 of the Dungeon.
You visited 1 branch of the dungeon, and saw 1 of its levels.

Inventory:

Hand Weapons
 a - a +1 sling (weapon)
Armour
 c - a +0 robe (worn)
Scrolls
 b - a scroll of poison


   Skills:
 + Level 1.3 Fighting
 + Level 2.0 Ranged Weapons
 + Level 2.2 Dodging
 + Level 1.2 Spellcasting
 + Level 3.3 Hexes


You had one spell level left.
You knew the following spells:

 Your Spells              Type           Power      Damage    Failure   Level
a - Slow                  Hex            36%        N/A       7%          1

Your spell library contained the following spells:

 Spells                   Type           Power      Damage    Failure   Level
 Inner Flame              Hex/Fire       5%         N/A       38%         3
 Portal Projectile        Hex/Tloc       10%        N/A       38%         3
 Cause Fear               Hex            4%         N/A       56%         4


Dungeon Overview and Level Annotations

Branches:
Dungeon (1/15)

Altars:


Innate Abilities, Weirdness & Mutations

You are amphibious.
You cover ground slowly.
You can hop short distances.
You have an extended range of vision and can be seen from far away.


Message History

Fire: a) +1 sling
Press: ? - help, Q - select action, (/) - cycle Shift-Dir - straight line, f - goblin
Aim: a goblin, wielding a +0 club (47% to hit)
You shoot a sling bullet. The sling bullet hits the goblin.
You kill the goblin!
The frilled lizard bites you.
The giant cockroach attacks as you move away!
The giant cockroach bites you. The giant cockroach barely misses you.
Fire: a) +1 sling
Press: ? - help, Q - select action, (/) - cycle Shift-Dir - straight line, f - giant cockroach
Aim: a giant cockroach (heavily wounded, 56% to hit)
You shoot a sling bullet.
The sling bullet hits the giant cockroach.
You kill the giant cockroach!
The frilled lizard barely misses you.
Fire: a) +1 sling
Press: ? - help, Q - select action, (/) - cycle Shift-Dir - straight line, f - frilled lizard
Aim: a frilled lizard (35% to hit)
You shoot a sling bullet.
The sling bullet barely misses the frilled lizard.
The frilled lizard barely misses you.
Fire: a) +1 sling
Press: ? - help, Q - select action, (/) - cycle Shift-Dir - straight line, f/p - frilled lizard
Aim: a frilled lizard (35% to hit)
You shoot a sling bullet.
The sling bullet closely misses the frilled lizard.
The frilled lizard bites you.
Fire: a) +1 sling
Press: ? - help, Q - select action, (/) - cycle Shift-Dir - straight line, f/p - frilled lizard
Aim: a frilled lizard (35% to hit)
You shoot a sling bullet.
The sling bullet misses the frilled lizard.
The frilled lizard barely misses you. The frilled lizard misses you.
Fire: a) +1 sling
Press: ? - help, Q - select action, (/) - cycle Shift-Dir - straight line, f/p - frilled lizard
Aim: a frilled lizard (black smoke, 35% to hit)
You shoot a sling bullet.
The sling bullet hits the frilled lizard.
You kill the frilled lizard!
Are you sure you want to abandon this character and quit the game? (Confirm with "yes".)

#.§≈≈°§§≈.# ### #..≈≈≈≈§..#
.... #...§§§.# .... ####
####### ### ..... ##..##
#≈.§# #..## ...... #..§.##
##'## #....#
......##..§§####...####....#.
.....'..§§#8#.....#.#....#.
#.'..§§§@'..<..'.#...##.
#.'.§§§#8#..>..#.#....#.
#....##.§§§####...####....##
.... #.#§§## ##'## #....# ..
##.§## #≈.≈# #..## ####
####### ### #.......#
#.........# #.........#


There were no monsters in sight!

Vanquished Creatures
  A giant cockroach (D:1)
  A frilled lizard (D:1)
  2 goblins (D:1)
4 creatures vanquished.

Notes
Turn   | Place    | Note
-------+----------+-------------------------------------------
     0 | D:1      | mtoz the Barachi Arcane Marksman began the quest for the
                  | Orb.
     0 | D:1      | Reached XP level 1. HP: 15/15 MP: 2/2
    42 | D:1      | Quit the game

Illustrated notes

Levels and vault maps discovered:
D:1:      shiori_arrival_elements, layout_basic,
          hellmonk_ecumenical_altar_inner_sanctum, fountainhead

Action                   || total
-------------------------++-------
 Fire: Sling             ||     9
 Cast: Slow              ||     1
 Abil: Hop               ||     1
Armor: Robe              ||     1
Dodge: Dodged            ||     7
